 Dungeon Crawl Stone Soup version 0.28-a0-828-g0121872642 (webtiles) character file.

Game seed: 14321693140980416745

37 Zenkrye the Chopper (level 3, -3/29 HPs)
             Began as a Formicid Fighter on Nov 10, 2021.
             Slain by Sigmund (8 damage)
             ... on level 2 of the Dungeon.
             The game lasted 00:03:49 (1622 turns).

Zenkrye the Chopper (Formicid Fighter)              Turns: 1622, Time: 00:03:50

Health: -3/29      AC:  6    Str: 21    XL:     3   Next: 60%
Magic:  3/3        EV:  9    Int:  7    God:
Gold:   109        SH:  4    Dex: 10    Spells: 2/2 levels left

rFire   . . .      SeeInvis +   a - +0 war axe
rCold   + . .      Faith    .   g - +0 buckler
rNeg    . . .      Spirit   .   b - +0 scale mail
rPois   +          Reflect  .   (helmet unavailable)
rElec   .          Harm     .   (no cloak)
rCorr   .          Rampage  .   (no gloves)
Will    .....                   (no boots)
Stlth   ..........              (no amulet)
HPRegen 0.09/turn               c - ring of protection from cold
MPRegen 0.08/turn               o - ring of poison resistance

@: no status effects
A: permanent stasis, dig shafts and tunnels, antennae 3, four strong arms
a: Dig, Shaft Self


You were on level 2 of the Dungeon.
You visited 1 branch of the dungeon, and saw 2 of its levels.

You collected 109 gold pieces.

Inventory:

Hand Weapons
 a - a +0 war axe (weapon)
 n - a +2 hand axe of flaming
Missiles
 h - 22 stones
 k - 18 poisoned darts (quivered)
Armour
 b - a +0 scale mail (worn)
 g - a +0 buckler (worn)
Jewellery
 c - a ring of protection from cold (left hand)
 o - a ring of poison resistance (right hand)
 w - a ring of wizardry
Scrolls
 f - 2 scrolls of fog
 i - a scroll of identify {@r1}
 j - 2 scrolls of enchant weapon {unknown}
 l - a scroll of fear
Potions
 d - 2 potions of might {@q4}
 e - 2 potions of flight {unknown}
 m - a potion of heal wounds {@q2}


   Skills:
 - Level 3.2 Fighting
 + Level 3.7 Axes
 - Level 3.2 Armour
 - Level 3.6 Shields


You had 2 spell levels left.
You didn't know any spells.
Your spell library contained the following spells:

 Spells                   Type           Power      Damage    Failure   Level
 Inner Flame              Hex/Fire       0%         N/A       98%         3
 Cause Fear               Hex            0%         N/A       100%        4
 Discord                  Hex            0%         N/A       100%        8


Dungeon Overview and Level Annotations

Branches:
Dungeon (2/15)

Altars:

Annotations:
D:2 Sigmund


Innate Abilities, Weirdness & Mutations

You cannot be hasted, slowed, berserked, paralysed or teleported.
You can dig through walls and to a lower floor.
You have a pair of large antennae on your head. (SInv)
Your four strong arms can wield two-handed weapons with a shield.


Message History

You enter the shallow water.
Moving in this stuff is going to be slow.
You open the door. You open the door.
There is a stone staircase leading down here.
You sense a monster nearby.
Sigmund shouts!
Sigmund screams, "Don't try to resist!"
Throw: 21 darts (poison)
Press: ? - help, Q - select action, (/) - cycle Shift-Dir - straight line, f - Sigmund
Aim: Sigmund, wielding a +2 scythe of flaming and wearing a +0 robe (52% to hit)
You throw a poisoned dart. The poisoned dart hits Sigmund.
Sigmund is poisoned.
Throw: 20 darts (poison)
Press: ? - help, Q - select action, (/) - cycle Shift-Dir - straight line, f/p - Sigmund
Aim: Sigmund, wielding a +2 scythe of flaming and wearing a +0 robe (lightly wounded, poisoned, 52% to hit)
You throw a poisoned dart.
The poisoned dart barely misses Sigmund.
Throw: 19 darts (poison)
Press: ? - help, Q - select action, (/) - cycle Shift-Dir - straight line, f/p - Sigmund
Aim: Sigmund, wielding a +2 scythe of flaming and wearing a +0 robe (lightly wounded, poisoned, 52% to hit)
You throw a poisoned dart.
The poisoned dart barely misses Sigmund.
Sigmund casts a spell at you. The puff of flame hits you!
You hit Sigmund.
Sigmund is lightly wounded.
Sigmund hits you with a +2 scythe of flaming!
Sigmund burns you.
You hit Sigmund.
Sigmund is moderately wounded.
Sigmund looks more healthy.
Sigmund hits you with a +2 scythe of flaming.
* * * LOW HITPOINT WARNING * * *
Sigmund burns you.
* * * LOW HITPOINT WARNING * * *
Are you sure you want to shaft yourself?
Sigmund closely misses you.
You begin to dig a shaft.
You continue digging a shaft.
Sigmund hits you with a +2 scythe of flaming!
You die...

##.##.......# #.#.# #.##.
............# #...###.##.
##.##.......############..#......
##.##.......##.[............#####
......#.....................'...#
##.####..................>..###.#
##.####.....................'...#
......'.....................#####
##.####.........@...........#
##.# #........@............# ...#
#...............#######
#######......(#########
......[............#
.........#.........#
.........#(........# ######
.........#.........# #<...#
.........#.........# ####.#


You could see Sigmund.

Vanquished Creatures
  A worm (D:1)
  A dart slug (D:1)
  3 bats
  3 endoplasms (D:1)
  5 giant cockroaches
  2 goblins
  2 hobgoblins
  3 ball pythons
  3 frilled lizards (D:2)
  5 kobolds
  3 rats
31 creatures vanquished.

Notes
Turn   | Place    | Note
-------+----------+-------------------------------------------
     0 | D:1      | Zenkrye the Formicid Fighter began the quest for the Orb.
     0 | D:1      | Reached XP level 1. HP: 18/18 MP: 1/1
    94 | D:1      | Reached XP level 2. HP: 13/24 MP: 2/2
   952 | D:2      | Reached XP level 3. HP: 23/29 MP: 3/3
  1028 | D:2      | Noticed a scorpion
  1048 | D:1      | You fall into a shaft and drop 1 floor!
  1198 | D:2      | Noticed Sigmund
  1229 | D:1      | You fall into a shaft and drop 1 floor!
  1551 | D:2      | Found a faded altar of an unknown god.
  1622 | D:2      | Slain by Sigmund

Illustrated notes

Levels and vault maps discovered:
D:1:      minmay_arrival_doors, layout_rooms
D:2:      layout_basic, shapermc_ecumenical_altar_hornbeckon, uniq_sigmund

Skill      XL: |  1  2 |
---------------+-------+-----
Axes           | 3 |  3.7
Fighting       | |  3.2
Armour         | |  3.2
Shields        | |  3.6

Action                   || total
-------------------------++-------
Melee: War axe           ||    64
Throw: Stone             ||    13
       Dart              ||     9
 Abil: Dig               ||     1
       Shaft Self        ||     3
  Use: Scroll            ||     6
Armor: Scale mail        ||    31
Dodge: Dodged            ||    34
Block: Buckler           ||    12

Table legend: (Time is in decaauts)
 A = Elapsed time spent in this place.
 B = Non-inter-level travel time spent in this place.
 C = Inter-level travel time spent in this place.
 D = Time resting spent in this place.
 E = Time spent auto-exploring this place.
 F = Levels seen in this place.
 G = Mean time per level.
                   A        B        C        D        E       F      G
               +--------+--------+--------+--------+--------+-----+--------+
         Total |   1651 |   1644 |      7 |    176 |   1154 |   2 |  825.5 |
       Dungeon |   1651 |   1644 |      7 |    176 |   1154 |   2 |  825.5 |
               +--------+--------+--------+--------+--------+-----+--------+

Top non-repeatable levels by time:
     D:1: 1035 daAuts
     D:2: 616 daAuts
